[ AOE2 MATCH · #495993554 ]
UnrankedSicilians vs Burmese
Player's team · WIN
Rival team · LOSS
[ REPLAY ANALYSIS · EXTRACTED FROM THE RECORDED GAME ]
Feudal
8:50
Castle
20:46
Imperial
33:42
| APM avg | 51.6 |
| APM peak | 89 |
| eAPM avg | 31.4 |
| Villagers / military | 206 / 430 |
Focus
⚔️ 52.3% · 🌾 47.7%
Spearman ×238 · Archer ×121 · Knight ×47 · Trebuchet (Packed) ×18 · Serjeant ×4 · Skirmisher ×1
Feudal
9:16
Castle
21:20
Imperial
34:32
| APM avg | 57.1 |
| APM peak | 113 |
| eAPM avg | 24.3 |
| Villagers / military | 178 / 460 |
Focus
⚔️ 34.7% · 🌾 65.3%
Spearman ×207 · Knight ×123 · Scout Cavalry ×93 · Arambai ×13 · Trebuchet (Packed) ×11 · Militia ×5
Match map
Initial resources + every placement click. Lines = walls · curves = elevation contours. ◆ gold · ⬟ stone · ● berries · ✦ relic · ◌ wall gap
Your base· Open — opponent sealed themselves in
AGS.BlackKnight's base· ✓ Closed at 21:20 · 42t walls · no gate
Smoothed initial terrain · ◌ = detected wall gap · hover for details
Inputs per minute
— Y - - AGS.BlackKnight
Build order — Y
First 150 of 878 actions detected
| 0:00 | Create | Villager (Male) |
| 0:00 | Create | Villager (Male) |
| 0:01 | Create | Villager (Male) |
| 0:02 | Build | House |
| 0:03 | Build | House |
| 0:11 | Create | Villager (Male) |
| 1:25 | Create | Villager (Male) |
| 1:46 | Build | Lumber Camp |
| 1:51 | Build | Lumber Camp |
| 1:51 | Create | Villager (Male) |
| 2:16 | Create | Villager (Male) |
| 2:44 | Create | Villager (Male) |
| 3:00 | Create | Villager (Male) |
| 3:28 | Create | Villager (Male) |
| 3:51 | Build | House |
| 3:58 | Create | Villager (Male) |
| 4:29 | Create | Villager (Male) |
| 4:30 | Build | Mill |
| 4:50 | Create | Villager (Male) |
| 5:14 | Create | Villager (Male) |
| 5:31 | Create | Villager (Male) |
| 6:09 | Research | Loom |
| 6:38 | Research | Feudal Age |
| 7:26 | Create | Villager (Male) |
| 7:32 | Build | Barracks |
| 7:59 | Build | House |
| 8:31 | Build | Mining Camp |
| 8:37 | Create | Villager (Male) |
| 8:50 | Age | Feudal Age |
| 8:54 | Build | Archery Range |
| 9:06 | Research | Double-Bit Axe |
| 9:06 | Research | Double-Bit Axe |
| 9:17 | Build | House |
| 9:20 | Build | Palisade Wall |
| 9:28 | Create | Villager (Male) |
| 9:31 | Build | Palisade Wall |
| 9:33 | Build | Palisade Wall |
| 9:36 | Build | Palisade Wall |
| 9:42 | Create | Archer |
| 9:42 | Create | Villager (Male) |
| 10:00 | Build | House |
| 10:01 | Build | Palisade Wall |
| 10:04 | Build | Palisade Wall |
| 10:06 | Create | Archer |
| 10:26 | Create | Villager (Male) |
| 10:45 | Create | Archer |
| 10:48 | Build | Palisade Wall |
| 10:52 | Create | Villager (Male) |
| 10:54 | Build | Farm |
| 11:13 | Build | Palisade Wall |
| 11:15 | Build | Palisade Wall |
| 11:20 | Create | Villager (Male) |
| 11:21 | Build | Farm |
| 11:36 | Build | House |
| 11:44 | Build | Farm |
| 11:49 | Create | Villager (Male) |
| 11:50 | Research | Horse Collar |
| 12:01 | Create | Archer |
| 12:13 | Create | Villager (Male) |
| 12:17 | Build | Farm |
| 12:34 | Create | Archer |
| 12:37 | Create | Villager (Male) |
| 12:47 | Build | Farm |
| 12:50 | Create | Archer |
| 12:55 | Create | Villager (Male) |
| 13:08 | Create | Villager (Male) |
| 13:33 | Build | Blacksmith |
| 13:35 | Create | Villager (Male) |
| 13:39 | Build | Farm |
| 13:44 | Create | Archer |
| 14:03 | Build | Farm |
| 14:06 | Build | House |
| 14:07 | Create | Villager (Male) |
| 14:14 | Build | Farm |
| 14:20 | Research | Fletching |
| 14:22 | Create | Villager (Male) |
| 14:37 | Build | Farm |
| 14:40 | Build | Farm |
| 14:48 | Create | Archer |
| 14:59 | Create | Villager (Male) |
| 15:09 | Build | Farm |
| 15:16 | Create | Archer |
| 15:24 | Create | Villager (Male) |
| 15:47 | Create | Villager (Male) |
| 15:51 | Build | Lumber Camp |
| 16:08 | Build | House |
| 16:17 | Create | Villager (Male) |
| 16:20 | Build | Farm |
| 16:49 | Build | Farm |
| 17:13 | Create | Archer |
| 17:15 | Create | Villager (Male) |
| 17:29 | Build | Stable |
| 17:35 | Create | Archer |
| 17:37 | Create | Villager (Male) |
| 17:55 | Build | Farm |
| 17:56 | Build | Farm |
| 17:57 | Build | Farm |
| 18:00 | Build | Farm |
| 18:06 | Research | Castle Age |
| 18:06 | Research | Castle Age |
| 18:10 | Build | Farm |
| 18:33 | Build | Farm |
| 18:34 | Build | Farm |
| 18:39 | Build | Farm |
| 19:30 | Build | Farm |
| 19:33 | Research | Gold Mining |
| 19:34 | Create | Villager (Male) |
| 19:37 | Create | Archer |
| 19:40 | Create | Scout Cavalry |
| 19:47 | Build | House |
| 20:31 | Research | Scale Barding Armor |
| 20:37 | Build | Stable |
| 20:46 | Age | Castle Age |
| 20:49 | Research | Crossbowman (upgrade) |
| 20:55 | Create | Villager (Male) |
| 20:59 | Research | Bow Saw |
| 20:59 | Research | Bow Saw |
| 21:03 | Build | Town Center |
| 21:06 | Create | Villager (Male) |
| 21:19 | Create | Villager (Male) |
| 21:19 | Create | Villager (Male) |
| 22:06 | Create | Villager (Male) |
| 22:11 | Create | Villager (Male) |
| 22:11 | Create | Villager (Male) |
| 22:14 | Build | Town Center |
| 22:23 | Research | Bodkin Arrow |
| 22:33 | Build | Lumber Camp |
| 22:37 | Create | Villager (Male) |
| 22:40 | Build | Farm |
| 23:18 | Create | Villager (Male) |
| 23:19 | Create | Villager (Male) |
| 23:19 | Create | Villager (Male) |
| 23:28 | Research | Husbandry |
| 23:29 | Research | Bloodlines |
| 23:35 | Create | Villager (Male) |
| 23:35 | Create | Villager (Male) |
| 23:39 | Create | Villager (Male) |
| 23:39 | Create | Villager (Male) |
| 23:46 | Build | Farm |
| 23:47 | Build | Farm |
| 23:49 | Build | Farm |
| 23:55 | Create | Villager (Male) |
| 23:57 | Build | Farm |
| 24:02 | Create | Knight |
| 24:03 | Create | Knight |
| 24:05 | Create | Archer |
| 24:06 | Create | Archer |
| 24:10 | Research | Padded Archer Armor |
| 24:12 | Build | House |
| 24:12 | Build | House |
Build order — AGS.BlackKnight
First 150 of 658 actions detected
| 0:00 | Create | Villager (Male) |
| 0:00 | Create | Villager (Male) |
| 0:02 | Build | House |
| 0:02 | Build | House |
| 0:15 | Create | Villager (Male) |
| 0:20 | Create | Villager (Male) |
| 1:28 | Create | Villager (Male) |
| 1:28 | Create | Villager (Male) |
| 1:56 | Build | Lumber Camp |
| 2:00 | Create | Villager (Male) |
| 2:00 | Create | Villager (Male) |
| 2:17 | Create | Villager (Male) |
| 2:49 | Create | Villager (Male) |
| 2:49 | Create | Villager (Male) |
| 2:57 | Create | Villager (Male) |
| 2:57 | Create | Villager (Male) |
| 3:27 | Create | Villager (Male) |
| 3:27 | Create | Villager (Male) |
| 3:51 | Build | House |
| 3:55 | Create | Villager (Male) |
| 4:07 | Build | House |
| 4:17 | Create | Villager (Male) |
| 4:28 | Create | Villager (Male) |
| 4:56 | Build | Palisade Wall |
| 4:56 | Build | Palisade Wall |
| 5:00 | Create | Villager (Male) |
| 5:26 | Create | Villager (Male) |
| 5:39 | Build | Mill |
| 5:43 | Create | Villager (Male) |
| 6:28 | Research | Loom |
| 6:50 | Build | Palisade Wall |
| 6:50 | Build | Palisade Wall |
| 7:03 | Research | Feudal Age |
| 7:16 | Build | Barracks |
| 7:56 | Build | Palisade Wall |
| 7:57 | Build | Palisade Wall |
| 7:57 | Build | Palisade Wall |
| 8:09 | Create | Militia |
| 8:09 | Create | Militia |
| 8:10 | Create | Militia |
| 8:10 | Create | Militia |
| 8:19 | Build | Mining Camp |
| 8:27 | Build | Palisade Wall |
| 8:29 | Build | Palisade Wall |
| 8:31 | Build | Palisade Wall |
| 8:41 | Create | Militia |
| 8:50 | Build | House |
| 8:51 | Build | Palisade Wall |
| 9:05 | Create | Villager (Male) |
| 9:16 | Age | Feudal Age |
| 9:29 | Research | Man-at-Arms (upgrade) |
| 9:33 | Build | Archery Range |
| 9:38 | Build | House |
| 9:39 | Build | Palisade Wall |
| 9:41 | Build | Palisade Wall |
| 9:41 | Build | Palisade Wall |
| 9:43 | Create | Villager (Male) |
| 9:57 | Build | Farm |
| 10:30 | Create | Villager (Male) |
| 10:31 | Create | Skirmisher |
| 10:31 | Create | Skirmisher |
| 10:43 | Create | Villager (Male) |
| 10:47 | Build | Mill |
| 11:19 | Create | Villager (Male) |
| 11:20 | Create | Villager (Male) |
| 11:21 | Build | Farm |
| 11:23 | Build | Farm |
| 11:53 | Build | Farm |
| 12:07 | Create | Villager (Male) |
| 12:09 | Build | Farm |
| 12:11 | Build | Farm |
| 12:13 | Create | Villager (Male) |
| 12:16 | Build | House |
| 12:18 | Build | House |
| 12:27 | Build | Palisade Wall |
| 12:34 | Create | Skirmisher |
| 12:35 | Create | Skirmisher |
| 12:38 | Create | Villager (Male) |
| 13:09 | Research | Horse Collar |
| 13:09 | Research | Horse Collar |
| 13:26 | Build | Farm |
| 13:29 | Build | Farm |
| 13:34 | Create | Villager (Male) |
| 13:34 | Create | Villager (Male) |
| 13:51 | Build | Blacksmith |
| 13:53 | Build | House |
| 13:54 | Create | Villager (Male) |
| 14:00 | Build | Farm |
| 14:02 | Create | Skirmisher |
| 14:07 | Build | House |
| 14:08 | Build | House |
| 14:15 | Create | Villager (Male) |
| 14:21 | Create | Villager (Male) |
| 14:38 | Build | Lumber Camp |
| 14:39 | Research | Fletching |
| 14:52 | Build | Farm |
| 14:56 | Create | Villager (Male) |
| 15:01 | Build | Palisade Wall |
| 15:03 | Build | Palisade Wall |
| 15:05 | Build | Palisade Wall |
| 15:06 | Build | Palisade Wall |
| 15:07 | Build | Palisade Wall |
| 15:09 | Build | Palisade Wall |
| 15:11 | Build | Palisade Wall |
| 15:11 | Create | Villager (Male) |
| 15:26 | Build | Farm |
| 15:47 | Research | Padded Archer Armor |
| 15:52 | Build | House |
| 16:10 | Create | Villager (Male) |
| 16:10 | Create | Villager (Male) |
| 16:17 | Build | House |
| 16:30 | Create | Villager (Male) |
| 16:50 | Create | Villager (Male) |
| 17:10 | Create | Villager (Male) |
| 17:13 | Create | Villager (Male) |
| 17:17 | Build | Farm |
| 17:17 | Build | Farm |
| 17:17 | Build | Farm |
| 17:27 | Build | Mining Camp |
| 18:04 | Build | House |
| 18:39 | Research | Castle Age |
| 18:49 | Research | Gold Mining |
| 20:44 | Build | House |
| 20:46 | Build | House |
| 21:09 | Create | Villager (Male) |
| 21:10 | Create | Villager (Male) |
| 21:20 | Age | Castle Age |
| 21:21 | Build | Town Center |
| 21:26 | Build | Siege Workshop |
| 21:29 | Create | Villager (Male) |
| 21:46 | Build | House |
| 21:48 | Build | House |
| 22:00 | Create | Mangonel |
| 22:00 | Create | Mangonel |
| 22:10 | Create | Villager (Male) |
| 22:10 | Create | Villager (Male) |
| 22:35 | Create | Villager (Male) |
| 22:36 | Create | Villager (Male) |
| 22:53 | Build | Castle |
| 23:26 | Create | Villager (Male) |
| 23:26 | Create | Villager (Male) |
| 23:27 | Create | Villager (Male) |
| 23:27 | Create | Villager (Male) |
| 23:27 | Create | Villager (Male) |
| 23:27 | Create | Villager (Male) |
| 23:31 | Build | Farm |
| 23:32 | Build | Farm |
| 23:33 | Build | Farm |
| 23:37 | Create | Villager (Male) |
| 24:00 | Create | Villager (Male) |
Match timeline
| 4:56 | AGS.BlackKnight · wall_segment Palisade Wall x1 |
| 4:56 | AGS.BlackKnight · wall_segment Palisade Wall x1 |
| 6:50 | AGS.BlackKnight · wall_segment Palisade Wall x1 |
| 6:50 | AGS.BlackKnight · wall_segment Palisade Wall x1 |
| 7:16 | AGS.BlackKnight · first_building Barracks |
| 7:32 | Y · first_building Barracks |
| 7:56 | AGS.BlackKnight · wall_segment Palisade Wall x1 |
| 7:57 | AGS.BlackKnight · wall_segment Palisade Wall x1 |
| 7:57 | AGS.BlackKnight · wall_segment Palisade Wall x1 |
| 8:27 | AGS.BlackKnight · wall_segment Palisade Wall x1 |
| 8:29 | AGS.BlackKnight · wall_segment Palisade Wall x1 |
| 8:31 | AGS.BlackKnight · wall_segment Palisade Wall x1 |
| 8:50 | Y · age_up feudal |
| 8:51 | AGS.BlackKnight · wall_segment Palisade Wall x3 |
| 8:54 | Y · first_building Archery Range |
| 9:16 | AGS.BlackKnight · age_up feudal |
| 9:20 | Y · wall_segment Palisade Wall x6 |
| 9:31 | Y · wall_segment Palisade Wall x1 |
| 9:33 | AGS.BlackKnight · first_building Archery Range |
| 9:33 | Y · wall_segment Palisade Wall x2 |
| 9:36 | Y · wall_segment Palisade Wall x1 |
| 9:39 | AGS.BlackKnight · wall_segment Palisade Wall x1 |
| 9:41 | AGS.BlackKnight · wall_segment Palisade Wall x5 |
| 9:41 | AGS.BlackKnight · wall_segment Palisade Wall x1 |
| 10:01 | Y · wall_segment Palisade Wall x1 |
| 10:04 | Y · wall_segment Palisade Wall x7 |
| 10:48 | Y · wall_segment Palisade Wall x3 |
| 11:13 | Y · wall_segment Palisade Wall x1 |
| 11:15 | Y · wall_segment Palisade Wall x5 |
| 12:27 | AGS.BlackKnight · wall_segment Palisade Wall x10 |
| 15:01 | AGS.BlackKnight · wall_segment Palisade Wall x1 |
| 15:03 | AGS.BlackKnight · wall_segment Palisade Wall x1 |
| 15:05 | AGS.BlackKnight · wall_segment Palisade Wall x1 |
| 15:06 | AGS.BlackKnight · wall_segment Palisade Wall x2 |
| 15:07 | AGS.BlackKnight · wall_segment Palisade Wall x2 |
| 15:09 | AGS.BlackKnight · wall_segment Palisade Wall x1 |
| 15:11 | AGS.BlackKnight · wall_segment Palisade Wall x4 |
| 17:29 | Y · first_building Stable |
| 20:46 | Y · age_up castle |
| 21:20 | AGS.BlackKnight · age_up castle |
| 21:26 | AGS.BlackKnight · first_building Siege Workshop |
| 22:53 | AGS.BlackKnight · first_building Castle |
| 27:38 | AGS.BlackKnight · first_building Stable |
| 29:00 | AGS.BlackKnight · wall_segment Stone Wall x1 |
| 29:03 | AGS.BlackKnight · wall_segment Stone Wall x1 |
| 29:08 | AGS.BlackKnight · wall_segment Stone Wall x1 |
| 29:57 | Y · first_building Monastery |
| 30:29 | AGS.BlackKnight · wall_segment Stone Wall x7 |
| 30:29 | AGS.BlackKnight · wall_segment Stone Wall x1 |
| 31:12 | Y · first_building Castle |
| 31:18 | AGS.BlackKnight · wall_segment Stone Wall x4 |
| 31:18 | AGS.BlackKnight · wall_segment Stone Wall x1 |
| 32:42 | Y · first_market_sell 100 food |
| 33:42 | Y · age_up imperial |
| 34:32 | AGS.BlackKnight · age_up imperial |
| 35:22 | AGS.BlackKnight · first_market_sell 100 wood |
| 36:11 | AGS.BlackKnight · first_building Monastery |
| 38:32 | Y · wall_segment Stone Wall x1 |
| 38:33 | Y · wall_segment Stone Wall x1 |
| 38:34 | Y · wall_segment Stone Wall x1 |
| 41:08 | AGS.BlackKnight · wall_segment Stone Wall x18 |
| 42:01 | AGS.BlackKnight · wall_segment Stone Wall x26 |
| 43:10 | AGS.BlackKnight · wall_segment Stone Wall x15 |
| 43:38 | AGS.BlackKnight · wall_segment Stone Wall x8 |
| 57:29 | AGS.BlackKnight · resign |
[ AI ANALYSIS · 1 CREDIT ]
What really happened in this match?
Wolo.gg analyzes every decision: build order, eco, micro, common mistakes by bracket. Personalized analysis on WhatsApp or Discord in 30 seconds.
Civ guide
Sicilians
Perfil
Jugador #1016523